[Event "*** Titled Tuesday Blitz"]
[Site "Chess.com"]
[Date "2018.08.07"]
[Round "2"]
[White "jposthuma"]
[Black "rikyshi"]
[Result "1-0"]
[WhiteElo "2384"]
[BlackElo "2208"]
[TimeControl "180+2"]
[EndTime "13:18:22 PDT"]
[Termination "jposthuma won by resignation"]

1. d4 Nf6 2. c4 e6 3. g3 c5 4. Nf3 cxd4 5. Nxd4 Bb4+ 6. Nd2 a6 7. Bg2 O-O 8. O-O Nc6 9. Nc2 Bc5 10. a3 d5 11. b4 Ba7 12. Bb2 dxc4 13. Nxc4 Qe7 14. Qd6 Rd8 15. Qxe7 Nxe7 16. Rfd1 Rd7 17. Ne5 Rxd1+ 18.
Rxd1 Bb6 19. Nc4 Bc7 20. Be5 Nfd5 21. Bxc7 1-0

[Event "*** Titled Tuesday Blitz"]
[Site "Chess.com"]
[Date "2018.08.07"]
[Round "2"]
[White "orrbaverlekszarnyon"]
[Black "VeraNebolsina"]
[Result "1-0"]
[WhiteElo "2314"]
[BlackElo "2403"]
[TimeControl "180+2"]
[EndTime "13:18:25 PDT"]
[Termination "orrbaverlekszarnyon won by resignation"]

1. e4 e5 2. Nf3 Nf6 3. Bc4 Nxe4 4. Nc3 Nxc3 5. dxc3 Be7 6. Nxe5 O-O 7. Qh5 g6 8. Nxg6 hxg6 9. Qxg6+ Kh8 10. Qh6+ Kg8 11. Bd3 f5 12. Qg6+ Kh8 13. Bh6 Bf6 14. O-O d6 15.
Bxf8 Qxf8 16. Rae1 Bd7 17. Re3 1-0

[Event "*** Titled Tuesday Blitz"]
[Site "Chess.com"]
[Date "2018.08.07"]
[Round "2"]
[White "Tjktiger"]
[Black "kikydu96"]
[Result "1-0"]
[WhiteElo "2500"]
[BlackElo "2447"]
[TimeControl "180+2"]
[EndTime "13:18:38 PDT"]
[Termination "Tjktiger won by resignation"]

1. c4 e5 2. Nc3 Nc6 3. Nf3 g6 4. d4 exd4 5. Nxd4 Bg7 6. Nxc6 bxc6 7. g3 Ne7 8. Bg2 O-O 9. O-O Rb8 10. Qc2 d6 11.
Be3 a5 12. Rad1 Bf5 13. Qc1 Qc8 14. b3 Re8 15. Bd4 Bxd4 16. Rxd4 c5 17. Rh4 h5 18.
Qg5 Kh7 19. Bf3 Kg7 20. Rxh5 Ng8 21. Rh4 Qd8 22. Qxd8 Rbxd8 23. Nd5 c6 24. Ne3 Bd7 25. Rd1 Re6 26. Re4 Rde8 27. Rxe6 Rxe6 28. h4 Nf6 29. Ng2 Ne8 30. Nf4 Re5 31. Nd3 Re6 32. Nxc5 dxc5 33. Rxd7 Nf6 34. Ra7 Rd6 35. Rxa5 Nd7 36. Ra6 Ne5 37.
Kg2 f5 38. Ra5 Nd7 39. Ra7 Kf6 40. Bxc6 Ne5 41. Bd5 g5 42. hxg5+ Kxg5 43. f4+ 1-0

[Event "*** Titled Tuesday Blitz"]
[Site "Chess.com"]
[Date "2018.08.07"]
[Round "2"]
[White "indfraeng"]
[Black "MarshKnight"]
[Result "0-1"]
[WhiteElo "1889"]
[BlackElo "2113"]
[TimeControl "180+2"]
[EndTime "13:18:41 PDT"]
[Termination "MarshKnight won by checkmate"]

1. d4 e6 2. c4 b6 3. Nc3 Bb7 4. e4 Bb4 5. Bd3 f5 6. f3 Nh6 7.
Bxh6 Qh4+ 8. g3 Qxh6 9. Qd2 Qxd2+ 10. Kxd2 fxe4 11. fxe4 O-O 12. Ne2 Nc6 13. Rhf1 e5 14.
a3 Bxc3+ 15. bxc3 d6 16. Kc2 Rae8 17. Rae1 Ba6 18. Kb3 Na5+ 19. Kb4 c5+ 20. Ka4 Nxc4 21. Bxc4+ Bxc4 22. Rxf8+ Rxf8 23. Ng1 Rf2 24. dxe5 dxe5 25. h4 Ra2 26. Rb1 b5+ 27. Rxb5 Bxb5+ 28. Kxb5 Rxa3 29.
c4 Rxg3 30. Ne2 Re3 31. Nc1 Rxe4 32. Kxc5 Rxh4 33. Kb5 Rh2 34. c5 Rc2 35. Nb3 Rb2 36. Kc4 h5 37. c6 h4 38. Nc5 Rb8 39. Kd5 h3 40. Ne4 h2 41. Nf2 Rc8 42. Kd6 a5 43. Kd7 Rxc6 44. Kxc6 e4 45. Kd5 e3 46. Nh1 e2 47. Kc5 e1=Q 48. Kb5 Qxh1 49. Kxa5 Qb7 50. Ka4 h1=Q 51. Ka5 Qa1# 0-1

[Event "*** Titled Tuesday Blitz"]
[Site "Chess.com"]
[Date "2018.08.07"]
[Round "2"]
[White "SantoBlue"]
[Black "gena217"]
[Result "0-1"]
[WhiteElo "2659"]
[BlackElo "2714"]
[TimeControl "180+2"]
[EndTime "13:18:49 PDT"]
[Termination "gena217 won by resignation"]

1. d4 Nf6 2. Nf3 e6 3. c4 d5 4. Nc3 dxc4 5. e3 a6 6. Bxc4 b5 7. Be2 Bb7 8. O-O Nbd7 9. b3 c5 10. Bb2 Qb8 11. h3 Bd6 12. Rc1 O-O 13. a4 cxd4 14. Nxd4 b4 15. Nb1 Rd8 16. Qe1 Nc5 17. Nd2 a5 18. Nc4 Bh2+ 19. Kh1 Bc7 20. f3 Bg3 21.
Rf2 Nce4 22. fxe4 Nxe4 23. Qf1 Bxf2 0-1

[Event "*** Titled Tuesday Blitz"]
[Site "Chess.com"]
[Date "2018.08.07"]
[Round "2"]
[White "Micki-taryan"]
[Black "Quiet_Desperation"]
[Result "1-0"]
[WhiteElo "2915"]
[BlackElo "1897"]
[TimeControl "180+2"]
[EndTime "13:18:51 PDT"]
[Termination "Micki-taryan won by resignation"]

1. b3 d6 2. Bb2 Nf6 3. Nf3 Nc6 4. d4 g6 5. d5 Nb8 6. c4 Bg7 7. Nc3 O-O 8. Qd2 c5 9. e4 a6 10. Be2 Nbd7 11. O-O Rb8 12. a4 Ng4 13. h3 Nge5 14. Ne1 Nb6 15. a5 Na8 16. f4 Nd7 17. Nf3 Nc7 18.
Bd3 b5 19. axb6 Nxb6 20. e5 Nd7 21. Ne4 Rxb3 22. Bc3 Rb8 23. exd6 Bxc3 24. Qxc3 exd6 25. Nxd6 Nb6 26. Nxc8 Rxc8 27. Ne5 Qf6 28. Qa5 Rfd8 29. Rab1 Nd7 30. Nc6 Re8 31. Rb7 Qd6 32. f5 Ne5 33. Nxe5 Qxe5 34. fxg6 hxg6 35. Kh1 Qg3 36. Qc3 Re3 37. Qf6 Rf8 38. Bxg6 Qxg6 39. Qxg6+ fxg6 40. Rxf8+ Kxf8 41. Rxc7 1-0

[Event "*** Titled Tuesday Blitz"]
[Site "Chess.com"]
[Date "2018.08.07"]
[Round "2"]
[White "Alopekos"]
[Black "chenrip"]
[Result "1/2-1/2"]
[WhiteElo "2479"]
[BlackElo "2448"]
[TimeControl "180+2"]
[EndTime "13:18:53 PDT"]
[Termination "Game drawn by repetition"]

1. e4 e6 2. d4 d5 3. Nc3 Bb4 4. e5 c5 5. a3 Bxc3+ 6. bxc3 Ne7 7. Qg4 Kf8 8. a4 Nbc6 9. Ne2 Qa5 10. Bd2 c4 11. Nf4 b5 12. Nh5 Nf5 13. Qh3 bxa4 14. g4 Nfe7 15. Nxg7 Kxg7 16. Qh6+ Kg8 17. Qf6 h6 18. g5 h5 19. g6 Nxg6 20. Rg1 Rh7 21. Rxg6+ fxg6 22. Qxg6+ Rg7 23. Qe8+ Kh7 24. Qxh5+ Kg8 25.
Qe8+ Kh7 26. Qh5+ Kg8 27. Qe8+ Kh7 28. Qh5+ Kg8 1/2-1/2

[Event "*** Titled Tuesday Blitz"]
[Site "Chess.com"]
[Date "2018.08.07"]
[Round "2"]
[White "epccmelech"]
[Black "KRASAVCHIK2002"]
[Result "0-1"]
[WhiteElo "2000"]
[BlackElo "2195"]
[TimeControl "180+2"]
[EndTime "13:19:01 PDT"]
[Termination "KRASAVCHIK2002 won by resignation"]

1. d4 Nf6 2. c4 c5 3. d5 b5 4. a4 bxc4 5. Nc3 d6 6. e4 g6 7. f4 Nbd7 8. Bxc4 Bg7 9. Nf3 O-O 10.
O-O Qc7 11. Qe2 Nb6 12. Bd3 e6 13. a5 Nbd7 14. e5 Nxd5 15. exd6 Qxd6 16. Ne4 Qc7 17. Bd2 Nxf4 18. Bxf4 Qxf4 19. g3 Qc7 20. Ra3 c4 21.
Bb1 Bb7 22. Rc1 Bxe4 23. Qxe4 Qc5+ 24. Kg2 Bxb2 0-1

[Event "*** Titled Tuesday Blitz"]
[Site "Chess.com"]
[Date "2018.08.07"]
[Round "2"]
[White "Kislov_Oleg"]
[Black "muran29"]
[Result "0-1"]
[WhiteElo "2371"]
[BlackElo "2358"]
[TimeControl "180+2"]
[EndTime "13:19:03 PDT"]
[Termination "muran29 won by resignation"]

1. e4 c6 2. d4 d5 3. Nc3 dxe4 4. Nxe4 Nf6 5. Nxf6+ gxf6 6. c3 Bf5 7. Bd3 Bg6 8. Ne2 Nd7 9. Ng3 e6 10. O-O f5 11.
Re1 h5 12. Nxf5 h4 13. h3 Bxf5 14. Bxf5 Qf6 15. Qf3 O-O-O 16. Be4 Qxf3 17. Bxf3 Bd6 18. a4 Kc7 19. b3 Rhg8 20. Ba3 c5 21. Rad1 b6 22.
Rd3 Bf8 23. Red1 c4 24. R3d2 Bxa3 25. b4 a5 26. Rb1 axb4 27. cxb4 Ra8 28. Bxa8 Rxa8 29.
Ra2 Rxa4 30. Rba1 Nf6 31. Rxa3 Rxb4 32. Ra7+ Kc6 33. Rxf7 Nd5 34. Re1 Kd6 35. Rh7 c3 36.
Rxh4 c2 37. Rhe4 Rb1 38. Rxe6+ Kd7 39. Re5 c1=Q 40. Rxc1 Rxc1+ 41. Kh2 Kd6 42. h4 b5 43. h5 b4 44. h6 b3 45. h7 Rc8 46. Re3 Nxe3 0-1

[Event "*** Titled Tuesday Blitz"]
[Site "Chess.com"]
[Date "2018.08.07"]
[Round "2"]
[White "dinesh501"]
[Black "Laico"]
[Result "1-0"]
[WhiteElo "2405"]
[BlackElo "2252"]
[TimeControl "180+2"]
[EndTime "13:19:15 PDT"]
[Termination "dinesh501 won by checkmate"]

1. e4 e6 2. d4 d5 3. Nc3 Nf6 4. e5 Nfd7 5. f4 c5 6. Nf3 Nc6 7. Be3 cxd4 8. Nxd4 Bc5 9. Qd2 O-O 10. O-O-O a6 11. h4 Nxd4 12. Bxd4 b5 13. Rh3 b4 14. Na4 Bxd4 15. Qxd4 Qa5 16. b3 Bb7 17. Kb1 Bc6 18.
Nb2 Bb5 19. Bd3 Rfc8 20. h5 Rc7 21. f5 Rac8 22. Rd2 Nc5 23. f6 Bxd3 24. Nxd3 Ne4 25.
Nxb4 Nxd2+ 26. Qxd2 Rxc2 27. Qg5 Kf8 28. Qxg7+ Ke8 29. Qg8+ Kd7 30. Qxf7+ Kd8 31. Qe7# 1-0

[Event "*** Titled Tuesday Blitz"]
[Site "Chess.com"]
[Date "2018.08.07"]
[Round "2"]
[White "Supernotar"]
[Black "Er_is_geen_hoop_meer"]
[Result "1-0"]
[WhiteElo "2463"]
[BlackElo "2451"]
[TimeControl "180+2"]
[EndTime "13:19:17 PDT"]
[Termination "Supernotar won by resignation"]

1. d4 d5 2. c4 e6 3. Nf3 a6 4. e3 Nf6 5. Nbd2 Bd6 6. b3 O-O 7. Be2 b6 8. Bb2 Bb7 9. O-O Nbd7 10. Rc1 Ne4 11. Re1 Qe7 12. Rc2 f5 13. g3 Rf6 14.
Bf1 Rh6 15. Bg2 Ndf6 16. Ne5 Bxe5 17. dxe5 Ng4 18. f3 Nxh2 19. fxe4 Qg5 20. exd5 Qxg3 21. Nf1 Nxf1 22. Kxf1 f4 23. Qf3 Qg6 24. Rf2 exd5 25. exf4 Rf8 26. cxd5 a5 27. f5 Ba6+ 28. Kg1 Qg5 29.
Bc1 Qh4 30. Bxh6 Qxh6 31. e6 Qf6 32. e7 Re8 33. Qe4 Qc3 34. Qe6+ Kh8 35. f6 Bc8 36. f7 1-0

[Event "*** Titled Tuesday Blitz"]
[Site "Chess.com"]
[Date "2018.08.07"]
[Round "2"]
[White "Firouzja2003"]
[Black "Didici"]
[Result "1-0"]
[WhiteElo "2843"]
[BlackElo "2556"]
[TimeControl "180+2"]
[EndTime "13:19:20 PDT"]
[Termination "Firouzja2003 won by resignation"]

1. e4 e5 2. Nf3 Nc6 3. Bb5 a6 4.
Ba4 Nf6 5. O-O b5 6. Bb3 Bb7 7. d3 Be7 8. Nbd2 O-O 9. Re1 d6 10. c3 Qd7 11. Nf1 Nd8 12. Ng3 Ne6 13. d4 exd4 14. cxd4 c5 15. d5 Nc7 16. Nf5 Rfe8 17. Bg5 h6 18. Bh4 Kh7 19. Nxe7 Qxe7 20. e5 dxe5 21. d6 Bxf3 22. Qb1+ Be4 23. Rxe4 Qd7 24.
Bxf6 gxf6 25. dxc7 f5 26. Re1 e4 27. Qd1 Re7 28. Qh5 c4 29. Rad1 Qxc7 30. Qxf5+ Kg7 31. Bc2 1-0

[Event "*** Titled Tuesday Blitz"]
[Site "Chess.com"]
[Date "2018.08.07"]
[Round "2"]
[White "Manukyan_Artak"]
[Black "albi1999"]
[Result "1/2-1/2"]
[WhiteElo "2325"]
[BlackElo "2394"]
[TimeControl "180+2"]
[EndTime "13:19:20 PDT"]
[Termination "Game drawn by agreement"]

1. e4 e5 2. Nf3 Nc6 3. d4 exd4 4. Nxd4 Bc5 5. Nxc6 Qf6 6. Qf3 dxc6 7. Bc4 Qe7 8. O-O Be6 9. Bxe6 Qxe6 10. Qg3 Nf6 11. Qxc7 O-O 12. Nc3 Nxe4 13. Nxe4 Qxe4 14. c3 Qe7 15.
Qxe7 Bxe7 16. Re1 Bc5 17. Be3 Bxe3 18. Rxe3 Rfe8 19. Rae1 Kf8 20. f4 Rxe3 21. Rxe3 Rd8 22. Kf2 Rd2+ 23. Re2 Rd3 24. Re3 Rd1 25. Re1 Rxe1 26.
Kxe1 Ke7 27. Kf2 Ke6 28. Kf3 Kd5 29. b3 b5 30. Ke3 a5 31. Kd3 f5 32. c4+ Kc5 33. Kc3 h6 34. h4 h5 35. g3 g6 36.
a3 b4+ 37. axb4+ axb4+ 38. Kd3 Kd6 39. Kd4 c5+ 40. Ke3 1/2-1/2

[Event "*** Titled Tuesday Blitz"]
[Site "Chess.com"]
[Date "2018.08.07"]
[Round "2"]
[White "AndrewDGreen"]
[Black "cool4chess"]
[Result "1-0"]
[WhiteElo "2185"]
[BlackElo "2087"]
[TimeControl "180+2"]
[EndTime "13:19:21 PDT"]
[Termination "AndrewDGreen won by resignation"]

1. d4 d5 2. Bf4 c5 3. e3 Nc6 4. c3 Nf6 5. Nd2 Bf5 6. Qb3 Na5 7. Bb5+ Bd7 8. Qa4 Nc6 9. Ngf3 e6 10. O-O a6 11.
Bxc6 Bxc6 12. Qc2 Bd6 13. Bxd6 Qxd6 14. Ne5 O-O 15. f4 Nd7 16. Rf3 f5 17. Nxd7 Bxd7 18. Rh3 cxd4 19. cxd4 Rac8 20. Qd1 Qb4 21. Nb3 Be8 22.
a3 Qb6 23. Nc5 Qc6 24. Rc1 b6 25. Nd3 Qb5 26. Rxc8 1-0

[Event "*** Titled Tuesday Blitz"]
[Site "Chess.com"]
[Date "2018.08.07"]
[Round "2"]
[White "Raja3401"]
[Black "Shant_Sargsyan"]
[Result "1-0"]
[WhiteElo "2613"]
[BlackElo "2823"]
[TimeControl "180+2"]
[EndTime "13:19:23 PDT"]
[Termination "Raja3401 won by resignation"]

1. e4 e5 2. Nf3 Nc6 3. Bb5 a6 4.
Ba4 Nf6 5. O-O Nxe4 6. d4 b5 7. Bb3 d5 8. dxe5 Be6 9. Nbd2 Be7 10. c3 O-O 11. Bc2 f5 12. exf6 Nxf6 13. Nb3 Bg4 14. Qd3 Ne4 15. Nbd4 Nxd4 16. Nxd4 c5 17. Nc6 Qd7 18.
Nxe7+ Kh8 19. Qxd5 Nd6 20. Bg5 Rae8 21. f3 Be6 22.
Qd3 g6 23. Rfd1 Rd8 24. Qe3 h6 25. Nxg6+ Kg8 26. Nxf8 Rxf8 27. Bxh6 1-0

[Event "*** Titled Tuesday Blitz"]
[Site "Chess.com"]
[Date "2018.08.07"]
[Round "2"]
[White "ChrisTool2"]
[Black "FMchesstrainer"]
[Result "1-0"]
[WhiteElo "2250"]
[BlackElo "2335"]
[TimeControl "180+2"]
[EndTime "13:19:23 PDT"]
[Termination "ChrisTool2 won by resignation"]

1. d4 g6 2. c4 Bg7 3. Nc3 d6 4. e4 e5 5. Nge2 Nc6 6. Be3 Nf6 7. f3 O-O 8. d5 Ne7 9. Qd2 Nd7 10. g4 f5 11. gxf5 gxf5 12. O-O-O f4 13. Bf2 Ng6 14. h4 Kh8 15. h5 Ne7 16. Kb1 a6 17. Bh3 b5 18. cxb5 axb5 19. Nxb5 Ba6 20. Nbc3 Bf6 21. Nc1 Nb6 22. Bxb6 cxb6 23. Bf1 Bc8 24. Bh3 Ba6 25. Bf1 Bxf1 26. Rdxf1 Qe8 27. Qd3 Ra5 28. Nb3 Ra8 29. Qb5 Qd8 30. Rc1 Nc8 31. Qc6 Na7 32. Qb7 Be7 33.
Na4 b5 34. Nb6 Rb8 35. Qxa7 Rxb6 36. Rc7 Rb8 37. Rxe7 1-0

[Event "*** Titled Tuesday Blitz"]
[Site "Chess.com"]
[Date "2018.08.07"]
[Round "2"]
[White "FearNoEvil12"]
[Black "Makalexa"]
[Result "0-1"]
[WhiteElo "1943"]
[BlackElo "2062"]
[TimeControl "180+2"]
[EndTime "13:19:24 PDT"]
[Termination "Makalexa won by resignation"]

1. e4 e5 2. d4 exd4 3. Bc4 Nc6 4.
Nf3 Bc5 5. O-O d6 6. c3 Bg4 7. h3 Bxf3 8. Qxf3 Ne5 9. Qe2 Nxc4 10. Qxc4 dxc3 11. Nxc3 Qd7 12. b4 Bb6 13. Bb2 Ne7 14.
Rad1 Nc6 15. Nd5 O-O 16. Rd3 Qe6 17. Rg3 Ne5 18. Qc3 f6 19. Kh1 c6 20. Nxb6 axb6 21.
a3 Qc4 22. Qd2 Qxf1+ 23. Kh2 Rae8 24. Qxd6 Qxf2 25. Bd4 Qf4 26. Be3 Nf3+ 27. Kh1 Qxd6 0-1

[Event "*** Titled Tuesday Blitz"]
[Site "Chess.com"]
[Date "2018.08.07"]
[Round "2"]
[White "sandager"]
[Black "TBergh98"]
[Result "0-1"]
[WhiteElo "2042"]
[BlackElo "2030"]
[TimeControl "180+2"]
[EndTime "13:19:27 PDT"]
[Termination "TBergh98 won by resignation"]

1. e4 Nf6 2. e5 Nd5 3. d4 d6 4.
Nf3 dxe5 5. Nxe5 c6 6. Bd3 g6 7. O-O Bg7 8. a3 O-O 9. c4 Nc7 10. Nc3 Be6 11. Be3 c5 12. Ne2 cxd4 13. Bxd4 Nc6 14. Nxc6 bxc6 15. Bxg7 Kxg7 16. Qc2 Rb8 17. Rad1 Qc8 18. Nf4 Rd8 19. Rfe1 Qb7 20. b4 a5 21.
Qc3+ Kg8 22. Rb1 axb4 23. axb4 Qa7 24. h4 Qd4 25. Qc1 Ra8 26. Re4 Qf6 27. Nxe6 Nxe6 28. g3 Rxd3 29. Qe1 Rad8 30. b5 cxb5 31. cxb5 Nd4 32.
Rf4 Nf3+ 33. Rxf3 Qxf3 34. b6 Rd1 0-1

[Event "*** Titled Tuesday Blitz"]
[Site "Chess.com"]
[Date "2018.08.07"]
[Round "2"]
[White "LucaBrasi1968"]
[Black "Alliswell998"]
[Result "1-0"]
[WhiteElo "2489"]
[BlackElo "2427"]
[TimeControl "180+2"]
[EndTime "13:19:31 PDT"]
[Termination "LucaBrasi1968 won by checkmate"]

1. e4 c5 2. c3 d5 3. exd5 Nf6 4. d4 Nxd5 5. Nf3 e6 6. Bd3 Nc6 7. dxc5 Bxc5 8. O-O O-O 9. Bc2 Nf6 10. Qe2 Qc7 11. Bg5 Be7 12. Nbd2 b6 13. Rad1 Bb7 14. Bh4 Rad8 15.
Bg3 Bd6 16. Ne4 Nxe4 17. Qxe4 g6 18. Qh4 Bxg3 19. hxg3 Rxd1 20. Rxd1 Ne5 21. Nxe5 Qxe5 22. Qd4 Qa5 23. a3 h5 24. Qf6 Bd5 25. c4 Bxc4 26.
Bxg6 fxg6 27. Qxg6+ Kh8 28. Rd7 Qe1+ 29. Kh2 Qb1 30.
Qg7# 1-0

[Event "*** Titled Tuesday Blitz"]
[Site "Chess.com"]
[Date "2018.08.07"]
[Round "2"]
[White "Nyzhnyk_Illia"]
[Black "Angry_Twin"]
[Result "1-0"]
[WhiteElo "2735"]
[BlackElo "2626"]
[TimeControl "180+2"]
[EndTime "13:19:33 PDT"]
[Termination "Nyzhnyk_Illia won by resignation"]

1. d4 Nf6 2. Nf3 d5 3. Bf4 c5 4.
e3 Nc6 5. Nbd2 e6 6. c3 Bd6 7. Bg3 O-O 8. Bd3 Qe7 9. Ne5 Nd7 10. f4 f6 11. Nxd7 Bxd7 12. Nf3 Be8 13. O-O Bh5 14. Qb1 Kh8 15. a3 f5 16. dxc5 Bxc5 17. Nd4 Nxd4 18. exd4 Bd6 19. Re1 g5 20. Qc1 Rae8 21. fxg5 f4 22.
Bh4 f3 23. Rf1 Bf4 24. Qe1 Bxg5 25. Qe5+ Bf6 26. Bxf6+ Rxf6 27. Qxh5 Rg8 28. g3 Rgf8 29.
Rf2 e5 30. Qxe5 1-0

[Event "*** Titled Tuesday Blitz"]
[Site "Chess.com"]
[Date "2018.08.07"]
[Round "2"]
[White "TijanaBlagojevic"]
[Black "Cocaino74"]
[Result "1-0"]
[WhiteElo "2368"]
[BlackElo "2203"]
[TimeControl "180+2"]
[EndTime "13:19:34 PDT"]
[Termination "TijanaBlagojevic won by checkmate"]

1. e4 d6 2. d4 Nf6 3. Nc3 Nc6 4. Nf3 g6 5. Be2 Bg7 6. O-O O-O 7. Re1 e5 8. dxe5 Nxe5 9. Bg5 c6 10. Nd4 Re8 11.
f4 Ned7 12. Bf3 h6 13. Bh4 Qb6 14. Na4 Qa5 15. c4 Nc5 16. Nc3 Qb4 17. e5 dxe5 18.
fxe5 Nfd7 19. Bf6 Qxc4 20. Bxg7 Kxg7 21. Ne4 Nxe5 22. Rc1 Nxf3+ 23. gxf3 Qxc1 24. Qxc1 Nd3 25. Qc3 Nxe1 26. Ne6+ Kg8 27. Qg7# 1-0

[Event "*** Titled Tuesday Blitz"]
[Site "Chess.com"]
[Date "2018.08.07"]
[Round "2"]
[White "HovmoellerHest"]
[Black "JozefKneht"]
[Result "0-1"]
[WhiteElo "2241"]
[BlackElo "2318"]
[TimeControl "180+2"]
[EndTime "13:19:41 PDT"]
[Termination "JozefKneht won by resignation"]

1. d4 d5 2. c4 c6 3. Nf3 Nf6 4.
Nbd2 Bf5 5. Nh4 Bg6 6. g3 e6 7.
Bg2 Bd6 8. Nxg6 hxg6 9. O-O Nbd7 10. e4 dxe4 11. Nxe4 Nxe4 12. Bxe4 Nf6 13. Bf3 Qc7 14. Be3 O-O 15. Qc2 e5 16. dxe5 Bxe5 17. Rad1 Rad8 18. b3 c5 19. Bd5 b6 20. f4 Nxd5 21. cxd5 Bf6 22.
f5 Rfe8 23. Bf4 Qb7 24. fxg6 Rxd5 25. gxf7+ Qxf7 26. Rxd5 Qxd5 27. Qc4 Bd4+ 28. Rf2 Re1+ 0-1

[Event "*** Titled Tuesday Blitz"]
[Site "Chess.com"]
[Date "2018.08.07"]
[Round "2"]
[White "Mr_Penings"]
[Black "maciek_92"]
[Result "0-1"]
[WhiteElo "2491"]
[BlackElo "2721"]
[TimeControl "180+2"]
[EndTime "13:19:44 PDT"]
[Termination "maciek_92 won by checkmate"]

1. c4 Nf6 2. Nc3 e6 3. e4 c5 4. Nf3 Nc6 5. Be2 d5 6. exd5 exd5 7. d4 dxc4 8. d5 Na5 9. O-O Bd6 10. Bg5 Bf5 11.
Bxf6 gxf6 12. Bxc4 Nxc4 13. Qa4+ Kf8 14. Qxc4 Rg8 15.
Rfe1 a6 16. a4 Rg4 17. Qe2 Qd7 18. g3 Kg8 19. Qe3 Kh8 20. Qh6 Rg6 21. Qh4 Rag8 22. Ne4 Be7 23. d6 Bxe4 24. dxe7 Bxf3 25. Qf4 Bc6 26. Rad1 Qh3 27. f3 Rxg3+ 28. hxg3 Rxg3+ 29. Kf2 Rxf3+ 30. Kg1 Rg3+ 31. Kf2 Qg2# 0-1

[Event "*** Titled Tuesday Blitz"]
[Site "Chess.com"]
[Date "2018.08.07"]
[Round "2"]
[White "BlackBoarder"]
[Black "BjarkeSahl"]
[Result "1-0"]
[WhiteElo "2379"]
[BlackElo "2205"]
[TimeControl "180+2"]
[EndTime "13:19:44 PDT"]
[Termination "BlackBoarder won by resignation"]

1. e4 c5 2. Nf3 e6 3. c3 Nf6 4. e5 Nd5 5. d4 cxd4 6. cxd4 Nc6 7. a3 d6 8. Bd3 Qc7 9. O-O dxe5 10. dxe5 Be7 11. Qe2 Bd7 12. Bd2 Rd8 13. Nc3 Nxc3 14. Bxc3 Qb6 15. h4 a6 16. h5 h6 17. Rfd1 Na7 18.
Rac1 Ba4 19. Rd2 Nc6 20. b4 Bg5 21. Nxg5 hxg5 22. g4 Rd5 23. Be4 Bb5 24. Qe1 Rd8 25. Rxd8+ Qxd8 26. Rd1 Qe7 27. Bb1 Bc4 28. Be4 g6 29.
hxg6 fxg6 30. Bxg6+ Kf8 31. Qe4 Rh3 32. Qxc4 1-0

[Event "*** Titled Tuesday Blitz"]
[Site "Chess.com"]
[Date "2018.08.07"]
[Round "2"]
[White "Maili15"]
[Black "bilelou"]
[Result "0-1"]
[WhiteElo "2242"]
[BlackElo "2402"]
[TimeControl "180+2"]
[EndTime "13:19:47 PDT"]
[Termination "bilelou won on time"]

1. d4 Na6 2. c4 e5 3. dxe5 d6 4. Nf3 Bf5 5. Nc3 dxe5 6. Nxe5 Qxd1+ 7. Nxd1 f6 8. Nf3 O-O-O 9. Ne3 Be4 10. Bd2 Nb4 11.
a3 Nc6 12. O-O-O Nh6 13. g3 Nd4 14. Nxd4 Rxd4 15. Bh3+ Kb8 16. f3 Bc6 17. Bc3 Rxd1+ 18. Rxd1 Bc5 19. Nc2 Nf7 20. b4 Be7 21. e4 Ne5 22. Bxe5 fxe5 23. Bd7 Rf8 24. Bxc6 bxc6 25.
Rd3 Kc8 26. Kd2 g6 27. Ke3 h5 28. Ke2 h4 29. Ne3 Rh8 30. Kf2 Bg5 31. Ng4 hxg3+ 32.
hxg3 Kb7 33. Nxe5 Rh2+ 34. Kg1 Rc2 35. f4 Bf6 36. Nd7 Bb2 37. c5 Ka6 38. Nf8 Kb5 39.
Nxg6 Kc4 40. Rf3 Kd4 41. e5 Ke4 42. Rf1 Bd4+ 43. Kh1 Kf5 44. Ne7+ Kg4 45. Nxc6 Be3 46. Re1 Kh3 0-1

[Event "*** Titled Tuesday Blitz"]
[Site "Chess.com"]
[Date "2018.08.07"]
[Round "2"]
[White "KamilPlichta"]
[Black "Zhuu96"]
[Result "1-0"]
[WhiteElo "2609"]
[BlackElo "2827"]
[TimeControl "180+2"]
[EndTime "13:19:56 PDT"]
[Termination "KamilPlichta won by resignation"]

1. d4 Nf6 2. Bg5 c5 3. Nc3 cxd4 4. Qxd4 Nc6 5. Qh4 e6 6. e4 Be7 7. f4 d5 8. exd5 Nxd5 9. Bxe7 Ncxe7 10. O-O-O O-O 11.
Bd3 h6 12. Nxd5 Nxd5 13. Qxd8 Rxd8 14. c4 Nxf4 15. Bh7+ Kxh7 16. Rxd8 b6 17. Nf3 Bb7 18. Rxa8 Bxa8 19. Kd2 Nxg2 20. Ne5 f6 21. Nd3 Nh4 22. Rc1 Nf3+ 23. Ke3 e5 24. b4 Nxh2 25. c5 Ng4+ 26. Ke2 e4 27. Nf2 Ne5 28. cxb6 axb6 29. a4 f5 30. a5 bxa5 31. bxa5 Bb7 32. Ke3 Ba6 33. Rc5 Nc4+ 34. Kf4 e3 35. Nd3 e2 36. Ne1 Nb2 37.
Ke3 Nc4+ 38. Kf4 Nb2 39. Ke3 Nc4+ 40. Kd4 h5 41. Rxc4 Bxc4 42. Kxc4 h4 43. a6 h3 44. a7 h2 45. a8=Q 1-0

[Event "*** Titled Tuesday Blitz"]
[Site "Chess.com"]
[Date "2018.08.07"]
[Round "2"]
[White "AdrianaNikolova"]
[Black "Macron20hTF1"]
[Result "1-0"]
[WhiteElo "2420"]
[BlackElo "2276"]
[TimeControl "180+2"]
[EndTime "13:19:56 PDT"]
[Termination "AdrianaNikolova won by resignation"]

1. e4 e5 2. Nf3 Nf6 3. Nxe5 d6 4. Nf3 Nxe4 5. Nc3 Nxc3 6. dxc3 Be7 7. Be3 O-O 8. Qd2 Nd7 9. O-O-O c5 10. h4 Qa5 11.
Kb1 Nf6 12. h5 Be6 13. a3 b5 14. Ng5 Bg4 15. f3 Bxh5 16. Nxh7 Kxh7 17. g4 d5 18. g5 g6 19. gxf6 Bxf6 20. Rxh5+ gxh5 21. Qxd5 Kg7 22. Qxh5 Rh8 23. Qg4+ Kf8 24. Bxc5+ Be7 25. Bxe7+ Kxe7 26. Qg5+ Kf8 27. Qc5+ Kg7 28. Qe5+ Kg8 29. Bxb5 Rh6 30. Rg1+ Kf8 31. Qc5+ 1-0

[Event "*** Titled Tuesday Blitz"]
[Site "Chess.com"]
[Date "2018.08.07"]
[Round "2"]
[White "norwaytoadog"]
[Black "Karina_Oparina"]
[Result "1-0"]
[WhiteElo "2141"]
[BlackElo "2158"]
[TimeControl "180+2"]
[EndTime "13:19:59 PDT"]
[Termination "norwaytoadog won by checkmate"]

1. e4 c6 2. d4 d5 3. e5 Bf5 4. Nf3 e6 5. Be2 Nd7 6. O-O Ne7 7. Be3 h6 8. Nbd2 Nc8 9. c4 dxc4 10. Nxc4 Be7 11.
a4 O-O 12. a5 a6 13. Qd2 Na7 14. b4 Nb5 15. Ne1 Nc7 16. Nd3 Nd5 17. Nc5 Nxc5 18.
dxc5 Qd7 19. Nd6 Bxd6 20. cxd6 f6 21. f4 fxe5 22. fxe5 Bg6 23. Bc5 Kh7 24. g3 Rae8 25. Bd3 Bxd3 26. Qxd3+ g6 27. Rf3 Rf7 28. Rxf7+ Qxf7 29. Rf1 Qg7 30. Qf3 Rd8 31. Qf7 Rd7 32. Qf8 Qg8 33.
Kg2 h5 34. h4 Rg7 35. Kh3 Rd7 36. g4 hxg4+ 37. Kxg4 Rg7 38. Kg5 Rd7 39. Qh6# 1-0

[Event "*** Titled Tuesday Blitz"]
[Site "Chess.com"]
[Date "2018.08.07"]
[Round "2"]
[White "WarlordX"]
[Black "Caisachess"]
[Result "0-1"]
[WhiteElo "2376"]
[BlackElo "2237"]
[TimeControl "180+2"]
[EndTime "13:20:09 PDT"]
[Termination "Caisachess won by resignation"]

1. d4 Nf6 2. c4 e6 3. Nc3 Bb4 4.
Nf3 d6 5. Qb3 c5 6. e3 b6 7. Bd2 Bb7 8. Bd3 Bxc3 9. Bxc3 O-O 10. Qc2 Nbd7 11. O-O h6 12. b4 Rc8 13. a4 cxb4 14.
Bxb4 Nb8 15. Qe2 Be4 16. Rfd1 Bxd3 17. Qxd3 Qc7 18. Rac1 Rfd8 19. e4 Nc6 20. Bd2 Qb7 21.
h3 Qa6 22. d5 exd5 23. exd5 Na5 24. Bxa5 Qxa5 25. Ra1 Re8 26. Nd4 Qc5 27. a5 Qxc4 28. axb6 axb6 29. Nf5 Qxd3 30. Rxd3 Re5 31. Nxd6 Rd8 32.
Nc4 Rexd5 33. Rxd5 Nxd5 34. Nxb6 Nxb6 35. Ra6 Nd5 36.
Ra3 Kf8 37. Ra7 Nf6 38. g3 Rd7 39. Ra8+ Ke7 40. Ra4 g6 41. Kg2 h5 42. Ra5 Rd5 43. Ra7+ Ke6 44. Rb7 Rd6 45. Ra7 Rd2 46. Rb7 Ne4 47.
Kf3 Nxf2 48. Rb6+ Ke7 49. g4 h4 50. g5 Rc2 51. Rb7+ Kf8 52. Rb4 Nxh3 53. Kg4 Nxg5 54.
Kxg5 h3 55. Rh4 h2 56. Kf6 Rf2+ 57. Ke5 Kg7 58. Rh3 g5 0-1